Map: Ice and Chrome LE

Players

Zeitgeist - Winner!

  • Race: Zerg Zerg
  • League: Diamond
  • Spawn Location: 1:00

Control

  • Race: Terran Terran
  • League: Diamond
  • Spawn Location: 7:00

VOD

Have the link to the VOD?

Description

Time

  • Played on: Sept. 13, 2020, 1:15 p.m.
  • Length: 11:08
Show
View Real Time Build Order
Export as new Build Order

Zeitgeist Zerg - Winner!

Build Orders: Hatch First, Lurkers 

Get SALT Encoding   

  12  0:01  Drone  
  13  0:12  Overlord  
  13  0:18  Drone  
  14  0:32  Drone x2  
  16  0:51  Hatchery  
  16  0:53  Drone  
  16  0:58  Drone  
  16  1:02  Drone, Extractor  
  17  1:17  Spawning Pool  
  16  1:23  Drone  
  17  1:26  Drone  
  17  1:31  Drone  
  19  1:39  Drone  
  20  2:04  Queen x2  
  20  2:07  Zergling x4  
  26  2:15  Drone  
  27  2:16  Drone  
  28  2:27  Hatchery  
  26  2:46  Drone  
  26  2:47  Overlord  
  26  2:49  Metabolic Boost  
  27  2:56  Overlord  
  27  3:05  Queen  
  29  3:17  Drone x8  
  37  3:20  Drone x2  
  37  3:22  Zergling x2  
  37  3:24  Zergling x2  
  41  3:30  Zergling x4  
  43  3:37  Baneling Nest  
  43  3:39  Overlord  
  42  4:01  Queen  
  44  4:16  Zergling x18  
  53  4:17  Zergling x2  
  53  4:23  Drone x3  
  57  4:24  Overlord x2  
  57  4:26  Extractor, Lair  
  57  4:28  Extractor  
  57  4:29  Overlord  
  55  4:50  Pneumatized Carapace  
  55  4:51  Overlord  
  55  4:52  Drone, Overlord  
  56  4:53  Drone x5  
  61  5:15  Drone x7  
  61  5:16  Extractor  
  67  5:26  Centrifical Hooks  
  67  5:27  Hydralisk Den  
  66  5:30  Drone x3  
  66  5:31  Evolution Chamber x2  
  66  5:32  Drone  
  68  5:53  Zergling x6  
  68  5:54  Zergling x12  
  77  6:02  Overlord  
  77  6:03  Overlord x2  
  77  6:19  Baneling x7  
  77  6:20  Baneling x9  
  77  6:21  Baneling  
  77  6:22  Baneling x5  
  77  6:23  Zergling x8  
  81  6:34  Muscular Augments  
  81  6:50  Overlord x2  
  81  6:51  Zergling x20  
  91  7:01  Zerg Melee Weapons Level 1  
  91  7:05  Hatchery  
  90  7:28  Baneling x13  
  90  7:30  Zergling x20  
  90  7:36  Zerg Ground Armor Level 1  
  100  7:45  Grooved Spines  
  100  7:51  Zergling x20  
  110  7:53  Overseer  
  110  8:12  Overlord  
  110  8:13  Overlord x4  
  110  8:14  Overlord  
  110  8:27  Zergling x12  
  110  8:32  Infestation Pit  
  115  8:36  Lurker Den  
  114  8:42  Drone x8  
  114  8:46  Drone x3  
  84  9:21  Zergling x26  
  89  9:36  Zergling x4  
  89  9:37  Zergling x8  
  81  9:41  Hydralisk x7  
  94  9:46  Drone  
  95  10:18  Zergling x18  
  95  10:19  Zergling x20  
  95  10:20  Baneling x6  
  95  10:21  Baneling x15  
  114  10:25  Lurker x3  
  114  10:26  Lurker  
  118  10:29  Zergling x2  
Show
View Real Time Build Order
Export as new Build Order

Control Terran 

Build Orders: Reaper Expand 

Get SALT Encoding   

  12  0:01  SCV  
  13  0:13  SCV  
  14  0:17  Supply Depot  
  14  0:25  SCV  
  15  0:38  SCV  
  15  0:39  Barracks  
  16  0:45  Refinery  
  16  0:50  SCV  
  17  1:02  SCV  
  18  1:14  SCV  
  19  1:28  Reaper  
  19  1:29  Orbital Command  
  20  1:40  Command Center  
  20  1:50  Supply Depot  
  20  1:55  SCV  
  20  2:00  Marine  
  22  2:08  SCV  
  22  2:14  Factory  
  23  2:19  Refinery  
  23  2:20  SCV  
  23  2:21  Barracks Reactor  
  24  2:44  SCV  
  25  2:54  Orbital Command  
  25  3:01  Supply Depot  
  25  3:03  Starport  
  25  3:06  Barracks Tech Lab  
  25  3:07  Hellion  
  25  3:11  SCV  
  28  3:20  SCV  
  28  3:23  SCV  
  28  3:25  Stimpack  
  28  3:26  Marine  
  31  3:32  SCV  
  32  3:35  SCV  
  33  3:43  Command Center  
  33  3:45  Supply Depot  
  33  3:46  SCV  
  33  3:47  SCV  
  35  3:49  Marine  
  35  3:50  Medivac  
  38  3:58  SCV  
  38  4:00  Widow Mine, SCV  
  42  4:06  Marine  
  43  4:20  SCV x2  
  47  4:25  Factory Tech Lab  
  47  4:26  Medivac  
  47  4:30  Supply Depot  
  47  4:35  SCV  
  47  4:36  SCV  
  47  4:37  Barracks  
  47  4:38  Barracks  
  49  4:46  Engineering Bay  
  49  4:47  Engineering Bay, Siege Tank  
  49  4:48  SCV  
  49  4:50  Marine  
  54  4:57  Orbital Command  
  54  5:01  Supply Depot  
  54  5:04  SCV  
  55  5:07  Refinery  
  52  5:16  Combat Shield  
  52  5:17  Marine  
  52  5:19  Starport Reactor  
  52  5:20  Siege Tank  
  56  5:26  SCV x2  
  56  5:27  SCV  
  56  5:28  Refinery  
  59  5:31  Barracks Reactor  
  59  5:34  Barracks Reactor  
  59  5:38  SCV  
  59  5:39  SCV x2  
  62  5:50  SCV  
  62  5:51  SCV x2  
  62  5:52  Barracks  
  62  5:54  Barracks  
  65  6:00  Barracks  
  65  6:01  Marine  
  65  6:03  SCV  
  67  6:06  Siege Tank  
  67  6:07  Medivac  
  72  6:16  Orbital Command  
  72  6:18  SCV  
  73  6:19  Marine  
  73  6:23  Marine  
  73  6:24  Marine x3  
  78  6:25  Medivac  
  80  6:36  Marine  
  80  6:39  Siege Tank  
  84  6:41  Marine x2  
  84  6:43  Marine x2  
  84  6:45  Refinery  
  84  6:46  Barracks Reactor  
  88  6:48  Barracks Tech Lab  
  88  6:49  Refinery  
  88  6:54  Marine  
  88  6:58  Terran Infantry Weapons Level 1  
  88  6:59  Terran Infantry Armor Level 1, Marine x2  
  88  7:01  SCV, Marine  
  91  7:02  Barracks  
  91  7:03  Barracks  
  91  7:07  Supply Depot  
  93  7:08  Supply Depot  
  93  7:09  Supply Depot  
  93  7:28  SCV x3, Marine x2  
  98  7:31  Supply Depot x2  
  98  7:39  Marine x8  
  98  7:40  SCV x3  
  98  7:41  Siege Tank  
  98  7:42  Medivac x2  
  116  7:46  Marine  
  116  7:49  Armory, Missile Turret  
  116  7:50  Barracks Tech Lab  
  117  7:51  Concussive Shells  
  117  7:52  Marine  
  117  7:53  SCV x2  
  117  7:55  Barracks Tech Lab  
  117  7:56  Barracks Reactor  
  117  7:57  Marine  
  117  7:58  Marauder x2  
  125  8:01  SCV  
  125  8:05  SCV x2  
  128  8:12  Supply Depot  
  128  8:13  SCV, Supply Depot  
  128  8:17  SCV, Supply Depot  
  130  8:23  Supply Depot  
  130  8:24  Marine  
  130  8:25  Marine x5  
  130  8:26  Command Center  
  136  8:36  Supply Depot  
  136  8:39  Marauder x3, Marine x3  
  145  8:43  Siege Tank  
  145  8:46  Terran Vehicle Weapons Level 1  
  148  9:00  Marauder  
  150  9:05  Marine x12  
  112  9:21  Marine  
  112  9:22  Supply Depot, Marine  
  112  9:23  Marine x10  
  100  9:44  Marine x13  
  113  9:47  Widow Mine  
  113  9:52  Supply Depot  
  115  10:01  Orbital Command  
  115  10:02  Marine x7  
  115  10:04  Medivac x2  
  115  10:06  Marauder  
  128  10:07  Marine  
  128  10:09  Marine x2  
  128  10:13  Marine  
  128  10:14  Marauder  
  134  10:38  Marauder, Marine  
  134  10:39  Marauder x2, Marine x9  
Tags
 
Add a new tag
Caveats
  • Supply blocks, unpowered buildings, or Contaminate may cause inaccurate times.
  • Supply counts are checked every 10 seconds.